AoeStats
← simbasdead

Arena

508751295Analyzed
1v1 RM · 9d ago on Sep 23, 2026· 56m 9s· 2 players
Game mode
Random Map
Map size
Tiny (2 player)
Population
200
Speed
Normal
Resources
Standard
Victory
Conquest
Starting age
Dark Age
Ending age
Imperial Age
RankedLock teamsTeams togetherTeam positionsShared explorationLock speedFull tech treeHidden civsTurbo modeCheats
Victory
Defeat
🇨🇦 Khmer · Canada
908
+16
🇺🇸 Turks · United States
909
-16
Watmdmblee19
11:36 Feudal Age
12:07 Double-Bit Axe
12:04 Horse Collar
15:46 Castle Age
18:10 Bow Saw
18:33 Heavy Plow
20:53 Wheelbarrow
21:51 Gold Mining
22:38 Hand Cart
22:50 Stone Mining
24:10 Gold Shaft Mining
24:24 Stone Shaft Mining
24:29 Gold Shaft Mining
28:54 Imperial Age
26:15 Loom
27:15 Town Watch
30:37 Conscription
30:37 Siege Engineers
33:35 Hoardings
35:39 Ballistics
35:34 Bloodlines
35:24 Husbandry
36:49 Chemistry
35:57 Scale Barding Armor
36:02 Forging
35:45 Fletching
36:49 Double Crossbow
37:40 Elite Ballista Elephant
38:47 Chain Barding Armor
39:02 Iron Casting
39:10 Iron Casting
42:29 Blast Furnace
42:04 Plate Barding Armor
46:46 Pikeman
48:40 Halberdier
49:06 Arson
52:38 Scale Mail Armor
simbasdead
9:58 Feudal Age
11:31 Loom
15:50 Castle Age
14:50 Horse Collar
15:56 Double-Bit Axe
23:15 Wheelbarrow
29:04 Imperial Age
26:57 Gold Mining
27:44 Bow Saw
28:34 Town Watch
30:51 Gold Shaft Mining
30:44 Ballistics
30:41 Padded Archer Armor
31:08 Hand Cart
32:12 Conscription
31:50 Stone Mining
33:16 Elite Janissary
38:39 Leather Archer Armor
38:14 Fletching
38:09 Treadmill Crane
38:40 Masonry
38:28 Murder Holes
38:22 Arrowslits
42:18 Bloodlines
42:08 Husbandry
44:05 Artillery
46:32 Ring Archer Armor
46:41 Scale Barding Armor
46:47 Forging
50:53 Fortified Wall
Connection lost

Rejoining the realm…

Still unreachable

The connection could not be restored.

Session expired

The server has moved on; the page needs a fresh start.